 Dungeon Crawl Stone Soup version 0.32-a0-468-g38b2580584 (webtiles) character file.

Game seed: 1127433873693526534

4521 ezpacito the Trooper (level 10, -8/76 HPs)
             Began as a Demonspawn Chaos Knight on Feb 25, 2024.
             Was a Plaything of Xom.
             Mangled by an orc knight
             ... wielding a +0 war axe
              (9 damage)
             ... in a bailey.
             The game lasted 00:11:49 (5218 turns).

ezpacito the Trooper (Demonspawn Chaos Knight)      Turns: 5218, Time: 00:11:51

Health: -8/76      AC: 22    Str: 21    XL:     10   Next: 17%
Magic:  14/14      EV:  9    Int: 12    God:    Xom [.....*]
Gold:   687        SH:  4    Dex: 16    Spells: 4/15 levels left

rFire   . . .        a - +2 hand axe (chaos)
rCold   + . .        (no shield)
rNeg    . . .        i - +7 plate armour of the Beekeeper {Rampage rElec Str-3 Dex+4}
rPois   +            (no helmet)
rElec   +            (no cloak)
rCorr   .            G - +0 pair of gloves
SInv    .            d - +1 pair of boots
Will    .....        D - amulet of magic regeneration Stlth
                     y - ring of poison resistance
HPRegen 0.32/turn    m - +6 ring of strength
MPRegen 0.54/turn

%: rampage
@: mighty, about to teleport, marked, attractive
A: powered by death 2, powered by pain 1, sturdy frame 1, demonic touch 2, large
bone plates 1, cold resistance 1
a: Renounce Religion


You were in a bailey.
You worshipped Xom.
You were Xom's teddy bear.
You visited 1 branch of the dungeon, and saw 7 of its levels.
You also visited: Bailey.

You collected 707 gold pieces.
You spent 20 gold pieces at shops.

Inventory:

Hand Weapons
 a - a +2 hand axe of chaos (weapon)
 f - a +0 broad axe
 g - a +0 battleaxe
 h - the +1 orcbow of Valiance {freeze, rF+}
   (You found it on level 6 of the Dungeon)

   rF+:       It protects you from fire.
 o - a +3 scythe of protection
 p - a +0 war axe of protection
Missiles
 v - 3 silver javelins (quivered)
 x - 5 atropa-tipped darts
 F - 10 boomerangs
Armour
 d - a +1 pair of boots (worn)
 i - the +7 plate armour of the Beekeeper (worn) {Rampage rElec Str-3 Dex+4}
   (You took it off an orc in a bailey)

   Str-3:     It affects your strength (-3).
   Dex+4:     It affects your dexterity (+4).
   rElec:     It insulates you from electricity.
   Rampage:   It bestows one free step when moving towards enemies.
 u - an orb of energy
 G - a +0 pair of gloves (worn)
 J - a +1 plate armour
Magical Staves
 E - a staff of death
Jewellery
 m - a +6 ring of strength (right hand)
 y - a ring of poison resistance (left hand)
 C - a ring of ice
 D - an amulet of magic regeneration (around neck)
Talismans
 c - a maw talisman
 e - a beast talisman
Wands
 b - a wand of paralysis (3)
 r - a wand of digging (5)
 w - a wand of flame (9)
Scrolls
 l - 6 scrolls of teleportation
 A - a scroll of revelation
Potions
 q - a potion of enlightenment
 t - 2 potions of mutation
 H - a potion of brilliance


   Skills:
 + Level 5.7 Fighting
 * Level 5.5(5.9) Axes
 + Level 3.1(4.7) Polearms
 + Level 2.5 Throwing
 * Level 5.2 Armour
 * Level 5.0 Dodging
 + Level 3.2 Stealth
 * Level 4.6 Unarmed Combat
 + Level 3.0 Spellcasting
 + Level 2.1 Summonings
 * Level 3.2 Necromancy
 + Level 1.7 Translocations
 + Level 2.8 Evocations


You had 4 spell levels left.
You knew the following spells:

 Your Spells              Type           Power      Damage    Failure   Level
a - Lesser Beckoning      Tloc           10%        N/A       91%         2
b - Call Canine Familiar  Summ           6%         N/A       98%         3
c - Gell's Gravitas       Tloc           5%         N/A       99%         3
d - Teleport Other        Tloc           5%         N/A       99%         3

Your spell library contained the following spells:

 Spells                   Type           Power      Damage    Failure   Level
 Summon Small Mammal      Summ           24%        N/A       75%         1
 Shock                    Conj/Air       4%         1d3       95%         1
 Swiftness                Air            1%         N/A       100%        3
 Airstrike                Air            0%         2d(1-17)  100%        4
 Summon Blazeheart Golem  Fire/Summ      4%         N/A       100%        4


Dungeon Overview and Level Annotations

Branches:
Dungeon (7/15)             Bailey (1/1)
 Temple: D:4-7

Altars:
Kikubaaqudgha
Sif Muna

Shops:
D:1 [   D:2 *   D:3 (

Annotations:
D:3 2 transporters, TheLasagnaBaron's ghost, novice OnBe


Innate Abilities, Weirdness & Mutations

You regenerate health from kills.
You sometimes gain a little power by taking damage.
Your movements are slightly less encumbered by armour. (ER -2)
Your touch may inflict irresistible damage on your foes.
You are partially covered in large bone plates. (SH +4)
Your flesh is cold resistant. (rC+)


Message History

The orc warrior hits you with a +0 war axe.
The orc knight roars a battlecry!
The orc goes into a battle-frenzy!
You hit the orc warrior but do no damage.
The orc warrior looks even sicker.
The orc warrior is heavily wounded.
You block the orc warrior's attack.
You hit the orc warrior but do no damage.
The orc warrior seems to slow down.
The orc warrior is heavily wounded.
You hit the orc knight but do no damage.
The orc knight hits you with a +0 war axe!!
The orc warrior hits you with a +0 war axe!!
You focus on the pain.
You feel very mighty all of a sudden.
As you read the scroll of teleportation, it crumbles to dust.
You feel strangely unstable.
The orc knight hits you but does no damage.
The orc warrior barely misses you.
Okay, then.
Okay, then.
It was a potion of attraction.
You feel attractive to monsters.
The orc warrior no longer looks unusually strong.
The orc knight closely misses you.
The orc warrior hits you but does no damage.
You closely miss the orc warrior.
The orc warrior is severely wounded.
You closely miss the orc knight.
The orc knight hits you with a +0 war axe!!
* * * LOW HITPOINT WARNING * * *
You focus on the pain.
You feel mightier all of a sudden.
You slash the orc warrior!
You kill the orc warrior!
You hit the orc knight but do no damage.
The orc knight seems to speed up.
The orc knight hits you with a +0 war axe!
You die...
Xom cackles wildly!

.############
.............
#########........
####..!.!..##'#..... #
#..#...[.o.#.)#....⌠
#'#.. ..§.. #..###..)
#.'..####g####).'.#..†
#.o@)ggh.)....###...
#..####g####..#.....
####.......####.~≈~≈
≈≈≈K#...!...#∩≈≈≈≈≈≈[
#≈≈≈≈#########≈≈≈≈≈.).
###≈≈≈≈≈≈≈≈≈≈≈≈≈......
#≈≈≈≈≈≈≈≈≈........
##.............###
#..∩......####


You could see an orc knight (fast, strong, poisoned), a black bear, a gnoll and
3 goblins.

Vanquished Creatures
  3 orc knights (Bailey)
  A komodo dragon (D:6)
  Sigmund (D:2)
  A wyvern (D:5)
  2 water moccasins (D:6)
  3 orc warriors
  A sky beast (D:6)
  A black bear (D:5)
  3 ogres
  A phantom (D:7)
  4 scorpions
  3 killer bees (D:7)
  A howler monkey (D:5)
  4 bombardier beetles
  A hound (D:5)
  3 jellies
  2 gnoll boudas (D:6)
  An orc priest (D:3)
  2 sleepcaps (D:6)
  3 iguanas (D:6)
  Ijyb (D:3)
  3 orc wizards (D:7)
  3 adders
  9 gnolls
  2 ufetubi (D:6)
  4 ribbon worms
  9 orcs
  4 bats
  6 endoplasms
  3 giant cockroaches
  8 goblins
  10 hobgoblins
  6 quokkas
  7 ball pythons
  5 frilled lizards
  12 kobolds
  3 rats
136 creatures vanquished.

Vanquished Creatures (collateral kills)
  Pikel (D:4)
  An ogre (D:4)
  A lemure (D:4)
  A gnoll (D:6)
  A giant cockroach (D:4)
  A hobgoblin (D:4)
6 creatures vanquished.

Grand Total: 142 creatures vanquished

Notes
Turn   | Place    | Note
-------+----------+-------------------------------------------
     0 | D:1      | ezpacito the Demonspawn Chaos Knight began the quest for
                  | the Orb.
     0 | D:1      | Reached XP level 1. HP: 18/18 MP: 1/1
   107 | D:1      | Found Somadoa's Armour Shop.
   125 | D:1      | Reached skill level 1 in Dodging
   139 | D:1      | XOM: divination: detect items
   188 | D:1      | XOM: silly message
   192 | D:1      | XOM: butterfly on damage
   199 | D:1      | Gained mutation: Your touch may inflict minor irresistible
                  | damage on your foes. [demonic ancestry]
   199 | D:1      | Reached XP level 2. HP: 10/24 MP: 2/2
   406 | D:1      | XOM: divination: detect items
   631 | D:1      | XOM: noise
   845 | D:2      | Gained mutation: You regenerate a little health from kills.
                  | [demonic ancestry]
   845 | D:2      | Reached XP level 3. HP: 27/29 MP: 3/3
  1014 | D:2      | Found a faded altar of an unknown god.
  1014 | D:2      | XOM: 6-stop teleportation journey
  1148 | D:2      | Noticed Sigmund
  1163 | D:2      | XOM: potion effect (might)
  1164 | D:2      | Killed Sigmund
  1165 | D:2      | Reached skill level 1 in Polearms
  1165 | D:2      | Reached skill level 1 in Stealth
  1165 | D:2      | Reached skill level 1 in Unarmed Combat
  1165 | D:2      | Reached skill level 1 in Spellcasting
  1165 | D:2      | Gained mutation: You regenerate health from kills. [demonic
                  | ancestry]
  1165 | D:2      | Reached XP level 4. HP: 18/37 MP: 3/5
  1165 | D:2      | Gained mutation: Your touch may inflict irresistible damage
                  | on your foes. [demonic ancestry]
  1165 | D:2      | Reached XP level 5. HP: 20/42 MP: 3/6
  1343 | D:2      | XOM: silly message
  1408 | D:2      | Noticed Terence
  1409 | D:2      | Found Peunk's General Store.
  1415 | D:2      | Terence changed into Terence the bombardier beetle
  1415 | D:2      | Noticed Terence
  1416 | D:2      | Killed Terence the bombardier beetle
  1420 | D:2      | Bought a scroll of identify for 20 gold pieces
  1612 | D:3      | Found a transporter.
  1614 | D:3      | Noticed TheLasagnaBaron's ghost (novice OnBe)
  1615 | D:3      | Found a transporter.
  1663 | D:3      | Reached XP level 6. HP: 48/48 MP: 7/7
  1720 | D:3      | XOM: summons 1 hostile shadow creature
  1749 | D:3      | Found Wierrel's Weapon Shop.
  1763 | D:3      | Noticed Ijyb
  1769 | D:3      | Paralysed by Ijyb for 3 turns
  1773 | D:3      | Killed Ijyb
  1811 | D:3      | XOM: confuse monster(s)
  1818 | D:3      | XOM: god gift: rapier {god gift}
  1910 | D:3      | Found an ancient bone altar of Kikubaaqudgha.
  2344 | D:3      | Found a shimmering blue altar of Sif Muna.
  2503 | D:4      | XOM: scenery: summon butterflies
  2507 | D:4      | Noticed Pikel
  2518 | D:4      | Killed Pikel
  2519 | D:4      | Reached skill level 1 in Evocations
  2519 | D:4      | Reached XP level 7. HP: 29/55 MP: 7/9
  2743 | D:4      | XOM: scenery: summon butterflies
  3055 | D:5      | Entered Level 5 of the Dungeon
  3068 | D:5      | Reached skill level 1 in Throwing
  3068 | D:5      | Gained mutation: You sometimes gain a little power by
                  | taking damage. [demonic ancestry]
  3068 | D:5      | Reached XP level 8. HP: 29/61 MP: 10/10
  3087 | D:5      | XOM is BORED!
  3383 | D:5      | Reached skill level 5 in Fighting
  3421 | D:5      | XOM: 2-stop teleportation journey
  3597 | D:5      | XOM: noise
  3625 | D:5      | Learned a level 2 spell: Lesser Beckoning
  3629 | D:5      | Learned a level 3 spell: Call Canine Familiar
  3655 | D:5      | XOM: silly message
  4146 | D:6      | XOM: give mutations
  4146 | D:6      | Gained mutation: Your magical capacity is low. (-10% MP)
                  | [Xom's mischief]
  4146 | D:6      | Lost mutation: Your magical capacity is low. (-10% MP)
                  | [Xom's mischief]
  4146 | D:6      | Gained mutation: Your spells are a little harder to cast,
                  | but a little more powerful. [Xom's mischief]
  4150 | D:6      | Lost mutation: Your spells are a little harder to cast, but
                  | a little more powerful. [potion of mutation]
  4150 | D:6      | Gained mutation: Your flesh is cold resistant. (rC+)
                  | [potion of mutation]
  4150 | D:6      | Gained mutation: You are partially covered in large bone
                  | plates. (SH +4) [potion of mutation]
  4215 | D:6      | XOM: 1-stop teleportation journey
  4396 | D:6      | Identified the +1 orcbow of Valiance {freeze, rF+}
  4420 | D:6      | XOM: 1-stop teleportation journey
  4449 | D:6      | XOM: god gift: staff of death
  4455 | D:6      | Learned a level 3 spell: Gell's Gravitas
  4459 | D:6      | Learned a level 3 spell: Teleport Other
  4495 | D:6      | Reached XP level 9. HP: 53/68 MP: 12/12
  4498 | D:6      | XOM: confuse monster(s)
  4505 | D:6      | Noticed a komodo dragon
  4507 | D:6      | XOM: cast spell 'Olgreb's Toxic Radiance'
  4512 | D:6      | Reached skill level 1 in Summonings
  4512 | D:6      | Reached skill level 1 in Necromancy
  4525 | D:6      | Killed a komodo dragon
  4526 | D:6      | Reached skill level 1 in Translocations
  4876 | D:7      | XOM: divination: detect creatures
  4981 | D:7      | Reached skill level 5 in Axes
  5027 | D:7      | XOM: stat loss: -1 Dex (11/12)
  5079 | D:7      | Found a flagged portal.
  5090 | Bailey   | Entered a bailey
  5108 | Bailey   | Noticed an orc knight
  5111 | Bailey   | Noticed an orc knight
  5119 | Bailey   | Noticed an orc knight
  5122 | Bailey   | Killed an orc knight
  5123 | Bailey   | Reached skill level 5 in Armour
  5133 | Bailey   | Killed an orc knight
  5134 | Bailey   | Gained mutation: Your movements are slightly less
                  | encumbered by armour. (ER -2) [demonic ancestry]
  5134 | Bailey   | Reached XP level 10. HP: 76/76 MP: 14/14
  5147 | Bailey   | Killed an orc knight
  5148 | Bailey   | Reached skill level 5 in Dodging
  5174 | Bailey   | Identified the +7 plate armour of the Beekeeper {Rampage
                  | rElec Str-3 Dex+4}
  5202 | Bailey   | Noticed an orc knight
  5202 | Bailey   | Noticed an orc knight
  5203 | Bailey   | XOM: cast spell 'Disjunction'
  5208 | Bailey   | an orc knight changed into a black bear
  5208 | Bailey   | XOM: polymorph orc knight -> black bear
  5217 | Bailey   | HP: 1/76 [orc knight/+0 war axe (24)]
  5218 | Bailey   | Mangled by an orc knight

Illustrated notes

Levels and vault maps discovered:
D:1:      tekkud_arrival_beachfront_property, layout_basic, serial_shops,
          nicolae_diamond_shop
D:2:      layout_loops_ring, serial_shops, nicolae_shop_tiny_statue_garden,
          ebering_ecumenical_altar_petrified, uniq_sigmund, uniq_terence
D:3:      layout_basic, lemuel_coloured_pillars_altar,
          nicolae_kikubaaqudgha_miasma_corner, gammafunk_ghost_mausoleum,
          serial_shops, shop, uniq_ijyb
D:4:      layout_cave_pools, uniq_pikel
D:5:      layout_gridville, minmay_misc_feat_tower
D:6:      kennysheep_big_flooded_room, layout_gridville,
          minmay_temple_entry_purple_smoke, grunt_potential
D:7:      layout_loops_ring, nicolae_hepliaklqana_monster_ancestors,
          nemelex_xobeh_ov_fountains_minmay, enter_bailey_7
Bailey:   bailey_axe_4, bailey

Skill      XL: |  1  2  3  4  5  6  7  8  9 10 |
---------------+-------------------------------+-----
Dodging        | 1 2 3 4 5 |  5.0
Armour         | 2 3 4 5 |  5.2
Axes           | 3 4 5 |  5.5
Polearms       | 1 2 3 |  3.1
Stealth        | 1 2 3 |  3.2
Unarmed Combat | 1 2 3 4 |  4.6
Spellcasting   | 1 2 3 |  3.0
Fighting       | 4 5 |  5.7
Evocations     | 1 2 |  2.8
Throwing       | 1 2 |  2.5
Summonings     | 2 |  2.1
Necromancy     | 3 |  3.2
Translocations | 1 |  1.7

Action                     |  1- 3 |  4- 6 |  7- 9 | 10-12 || total
---------------------------+-------+-------+-------+-------++-------
  Melee: Hand axe          |   106 |    76 |   174 |    21 ||   377
         Touch             |    12 |    18 |    36 |     2 ||    68
  Evoke: Wand              |       |       |    20 |       ||    20
    Use: Scroll            |       |     6 |    18 |     1 ||    25
         Potion            |       |       |    10 |     1 ||    11
   Stab: Sleeping          |     1 |       |       |       ||     1
         Confused          |       |     1 |       |       ||     1
         Paralysed         |       |       |     6 |       ||     6
 Armour: Leather armour    |    43 |    20 |       |       ||    63
         Chain mail        |       |    41 |   138 |       ||   179
         Plate armour      |       |       |    60 |    10 ||    70
  Dodge: Dodged            |    66 |    33 |    69 |     6 ||   174
  Block: Other             |       |       |    19 |     3 ||    22

Table legend: (Time is in decaauts)
 A = Elapsed time spent in this place.
 B = Non-inter-level travel time spent in this place.
 C = Inter-level travel time spent in this place.
 D = Time resting spent in this place.
 E = Time spent auto-exploring this place.
 F = Levels seen in this place.
 G = Mean time per level.
                   A        B        C        D        E       F      G
               +--------+--------+--------+--------+--------+-----+--------+
         Total |   5283 |   4955 |    328 |    229 |   3625 |   8 |  660.4 |
       Dungeon |   5153 |   4825 |    328 |    229 |   3600 |   7 |  736.1 |
        Bailey |    129 |    129 |      0 |      0 |     25 |   1 |  129.0 |
               +--------+--------+--------+--------+--------+-----+--------+

Top non-repeatable levels by time:
     D:5: 1060 daAuts
     D:3: 922 daAuts
     D:1: 838 daAuts
     D:2: 754 daAuts
     D:6: 726 daAuts
     D:4: 568 daAuts
     D:7: 282 daAuts
  Bailey: 129 daAuts
